 Dungeon Crawl Stone Soup version 0.31.0-11-ge490571c62 (webtiles) character file.

Game seed: 5829772514068549201

1669540 Armakuni the Swordmaster (level 27, 217/217 HPs)
             Began as a Human Delver on Jan 28, 2024.
             Was an Elder of the Shining One.
             Escaped with the Orb
             ... and 3 runes on Jan 30, 2024!
             The game lasted 04:55:51 (70988 turns).

Armakuni the Swordmaster (Human Delver)            Turns: 70988, Time: 04:55:51

Health: 217/217    AC: 26    Str: 14    XL:     27
Magic:  40/40      EV: 29    Int: 16    God:    the Shining One [****..]
Gold:   2037       SH: 16    Dex: 27    Spells: 28/34 levels left

rFire   + + .        a - +9 great sword "Human's Doom" {holy, rN+ Will+ rCorr Int+3}
rCold   . . .        (shield currently unavailable)
rNeg    + + +        C - quicksilver dragon scales
rPois   +            M - +0 helmet of the Centipede {rF+ rCorr Dex-2}
rElec   +            s - +2 cloak {rPois}
rCorr   +            Y - +0 pair of fencer's gloves {Riposte Dex+3}
SInv    .            w - +2 pair of boots "Oghemug" {rN+ Int+3 Dex+2}
Will    ++++.        X - amulet of Due Proportion {Faith rElec Regen+ rCorr Int-4}
Stlth   +            A - +4 ring of protection
HPRegen 1.36/turn    F - ring of protection from fire
MPRegen 0.27/turn

%: faith
@: divinely shielded, glowing, studying Necromancy
A: explore regen, mutation resistance 1
0: Orb of Zot
}: 3/15 runes: serpentine, barnacled, silver
a: Renounce Religion, Divine Shield, Cleansing Flame


You escaped.
You worshipped the Shining One.
The Shining One was greatly pleased with you.
You visited 11 branches of the dungeon, and saw 51 of its levels.
You also visited: Trove, Bailey and Ice Cave.

You collected 10183 gold pieces.
You spent 8146 gold pieces at shops.

Inventory:

Hand Weapons
 a - the +9 great sword "Human's Doom" (weapon) {holy, rN+ Will+ rCorr Int+3}
   (You took it off a deep elf demonologist on level 3 of the Elven Halls)

   Int+3:     It affects your intelligence (+3).
   rN+:       It protects you from negative energy.
   Will+:     It increases your willpower.
   rCorr:     It protects you from acid and corrosion.
 b - a +9 longbow of holy wrath
 m - the +8 autumn katana {manifold assault}
   (You took it off a deep elf death mage on level 3 of the Elven Halls)
Missiles
 d - 2 throwing nets
Armour
 s - a +2 cloak of poison resistance (worn)
 w - the +2 pair of boots "Oghemug" (worn) {rN+ Int+3 Dex+2}
   (You found it on level 5 of the Realm of Zot)

   Int+3:     It affects your intelligence (+3).
   Dex+2:     It affects your dexterity (+2).
   rN+:       It protects you from negative energy.
 C - quicksilver dragon scales (worn)
 M - the +0 helmet of the Centipede (worn) {rF+ rCorr Dex-2}
   (You found it on level 1 of the Elven Halls)

   Dex-2:     It affects your dexterity (-2).
   rF+:       It protects you from fire.
   rCorr:     It protects you from acid and corrosion.
 Y - the +0 pair of fencer's gloves (worn) {Riposte Dex+3}
   (You bought it in a shop on level 5 of the Vaults)

   Riposte:   It allows the wearer to riposte with melee weapons, swiftly
   retaliating against missed or blocked melee attacks.
   Dex+3:     It affects your dexterity (+3).
Jewellery
 A - a +4 ring of protection (left hand)
 F - a ring of protection from fire (right hand)
 J - a ring of protection from cold
 L - a ring of flight
 W - a ring of willpower
 X - the amulet of Due Proportion (around neck) {Faith rElec Regen+ rCorr Int-4}
   (You took it off a deep elf elementalist on level 3 of the Elven Halls)

   [amulet of faith]

   Faith:     It allows you to gain divine favour quickly.
   Int-4:     It affects your intelligence (-4).
   rElec:     It insulates you from electricity.
   Regen+:    It increases your rate of health regeneration.
   rCorr:     It protects you from acid and corrosion.
Wands
 k - a wand of digging (28)
 v - a wand of flame (56)
 z - a wand of iceblast (27)
 N - a wand of paralysis (38)
 T - a wand of acid (13)
Scrolls
 c - 15 scrolls of fog
 g - 3 scrolls of immolation
 i - 22 scrolls of teleportation
 l - 10 scrolls of revelation
 o - 5 scrolls of enchant weapon
 x - 5 scrolls of blinking
 y - 5 scrolls of vulnerability
 D - 2 scrolls of fear
 G - 3 scrolls of amnesia
 H - 5 scrolls of poison
 K - a scroll of enchant armour
 V - 5 scrolls of silence
Potions
 e - 2 potions of magic
 h - 7 potions of lignification
 n - 11 potions of enlightenment
 q - a potion of ambrosia
 r - 21 potions of curing
 u - 5 potions of haste
 E - 20 potions of mutation
 I - 6 potions of heal wounds
 O - 8 potions of resistance
Miscellaneous
 f - a lightning rod (4/4)
 j - a condenser vane
 p - a sack of spiders (inert)
 Q - a phial of floods
 U - a phantom mirror


   Skills:
 - Level 17.8 Fighting
 O Level 27 Long Blades
 + Level 23.6 Ranged Weapons
 - Level 10.0 Armour
 - Level 20.2 Dodging
 - Level 5.0 Stealth
 - Level 4.0 Shields
 - Level 4.0 Spellcasting
 - Level 4.0 Summonings
 O Level 27 Invocations
 - Level 10.0 Evocations
 - Level 0.7 Shapeshifting


You had 28 spell levels left.
You knew the following spells:

 Your Spells              Type           Power      Damage    Failure   Level
a - Apportation           Tloc           6%         N/A       28%         1
k - Call Canine Familiar  Summ           16%        N/A       17%         3
l - Lesser Beckoning      Tloc           6%         N/A       41%         2

Your spell library contained the following spells:

 Spells                   Type           Power      Damage    Failure   Level
 Summon Small Mammal      Summ           64%        N/A       5%          1
 Call Imp                 Summ           32%        N/A       9%          2
 Freeze                   Ice            12%        1d3       28%         1
 Necrotise                Necr           12%        1d4       28%         1
 Shock                    Conj/Air       12%        1d3       28%         1
 Sting                    Conj/Alch      12%        1d3       28%         1
 Summon Ice Beast         Ice/Summ       9%         N/A       36%         3
 Ensorcelled Hibernation  Hex/Ice        6%         N/A       41%         2
 Jinxbite                 Hex            6%         N/A       41%         2
 Scorch                   Fire           6%         2d5       41%         2
 Static Discharge         Conj/Air       6%         3-4/arc   41%         2
 Sublimation of Blood     Necr           3%         N/A       41%         2
 Dazzling Flash           Conj/Hex       6%         N/A       65%         3
 Frozen Ramparts          Ice            6%         1d1       65%         3
 Fugue of the Fallen      Necr           3%         N/A       65%         3
 Gell's Gravitas          Tloc           3%         N/A       65%         3
 Hailstorm                Conj/Ice       3%         3d5       65%         3
 Inner Flame              Hex/Fire       3%         N/A       65%         3
 Mephitic Cloud           Conj/Alch/Air  3%         N/A       65%         3
 Ozocubu's Armour         Ice            3%         N/A       65%         3
 Passwall                 Erth           3%         N/A       65%         3
 Sigil of Binding         Hex            3%         N/A       65%         3
 Swiftness                Air            3%         N/A       65%         3
 Teleport Other           Tloc           3%         N/A       65%         3
 Tukima's Dance           Hex            3%         N/A       65%         3
 Volatile Blastmotes      Fire/Tloc      6%         2d10      65%         3
 Summon Blazeheart Golem  Fire/Summ      9%         N/A       77%         4
 Summon Lightning Spire   Summ/Air       9%         N/A       77%         4
 Airstrike                Air            1%         2d(1-17)  96%         4
 Anguish                  Hex/Necr       1%         N/A       96%         4
 Brom's Barrelling Bould  Conj/Erth      3%         2d3       96%         4
 Cause Fear               Hex            1%         N/A       96%         4
 Dimensional Bullseye     Hex/Tloc       1%         N/A       96%         4
 Dispel Undead            Necr           3%         3d7       96%         4
 Flame Wave               Conj/Fire      3%         2d5       96%         4
 Leda's Liquefaction      Alch/Erth      1%         N/A       96%         4
 Sticky Flame             Fire/Alch      3%         2d4       96%         4
 Vhi's Electric Charge    Tloc/Air       6%         N/A       96%         4
 Summon Forest            Summ/Tloc      4%         N/A       98%         5
 Alistair's Intoxication  Alch           2%         N/A       100%        5
 Arcjolt                  Conj/Air       1%         1d11      100%        5
 Curse of Agony           Necr           3%         N/A       100%        5
 Fireball                 Conj/Fire      1%         3d3       100%        5
 Irradiate                Conj/Alch      1%         3d12      100%        5
 Iskenderun's Battlesphe  Conj           3%         2d6       100%        5
 Lee's Rapid Deconstruct  Erth           1%         3d4*      100%        5
 Silence                  Hex/Air        1%         N/A       100%        5
 Yara's Violent Unravell  Hex/Alch       1%         3d3       100%        5
 Bombard                  Conj/Erth      1%         9d1       100%        6
 Conjure Ball Lightning   Conj/Air       1%         3x3d6     100%        6
 Sculpt Simulacrum        Ice/Alch       1%         N/A       100%        6
 Summon Cactus Giant      Summ           8%         N/A       100%        6
 Enfeeble                 Hex            1%         N/A       100%        7
 Haunt                    Necr/Summ      4%         N/A       100%        7
 Orb of Destruction       Conj           1%         9d5       100%        7
 Spellforged Servitor     Conj/Summ      4%         N/A       100%        7
 Summon Hydra             Summ           8%         N/A       100%        7
 Ignition                 Fire           1%         3d3       100%        8
 Chain Lightning          Conj/Air       1%         3d2       100%        9
 Dragon's Call            Summ           8%         N/A       100%        9


Dungeon Overview and Level Annotations

Branches:
Dungeon (15/15)            Temple (1/1) D:6            Lair (5/5) D:8
 Shoals (4/4) Lair:2        Snake (4/4) Lair:2        Slime (0/5) Lair:4
    Orc (2/2) D:11            Elf (3/3) Orc:2        Vaults (5/5) D:13
  Crypt (3/3) Vaults:2       Tomb (0/3) Crypt:3      Depths (4/4) D:15
    Zot (5/5) Depths:4     Bailey (visited)           IceCv (visited)

Altars:
Ashenzari
Cheibriados
Dithmenos
Elyvilon
Fedhas
Gozag
Hepliaklqana
Kikubaaqudgha
Makhleb
Nemelex Xobeh
Okawaru
Qazlal
Ru
Sif Muna
Trog
Uskayaw
Vehumet
Wu Jian
Xom
Yredelemnul
Zin
The Shining One

Shops:
D:5 !   D:12 *   Orc:1 ?   Orc:2 [*(:   Elf:2 *   Elf:3 !*   Shoals:1 *
Shoals:3 =   Snake:4 ?=(   Vaults:2 *   Vaults:5 [[!!!!?[?!   Depths:1 (
Depths:3 (?(=

Portals:
Hell: Depths:1 Depths:2 Depths:3 Depths:4
Abyss: Depths:2 Depths:3
Pandemonium: Depths:2
Ziggurat: Depths:3

Annotations:
D:5 3 runed translucent doors, braks's ghost, novice NaIE
Lair:3 1 runed translucent door, Ruicvywi's ghost, journeyman OnSh
Snake:2 Roxanne


Innate Abilities, Weirdness & Mutations

You regain HP and MP as you explore.
You are somewhat resistant to further mutation.


Message History

You feel very sick. The green death gestures at you.
The bolt of poison hits you.
You are more poisoned.
You resist.
You feel extremely sick. The green death gestures at you.
The blast of poison misses you.
You feel very sick. The green death gestures at you. The poison arrow hits you!
You are more poisoned.
You partially resist.
You feel extremely sick.
There is a stone staircase leading up, spattered with blood here.
You feel extremely sick.
You climb upwards.
You feel extremely sick.
There is a stone staircase leading down here.
You feel better.
Okay, then.
A divine shield forms around you!
There is a stone staircase leading up here.
You climb upwards.
There is a stone staircase leading down here.
Magic restored.
Things that are here:
a +0 ring mail; a +0 hand axe You open the door.
There is an open door here.
There is a stone staircase leading up here.
You climb upwards.
There is a stone staircase leading down here.
There is a stone staircase leading up here.
You climb upwards.
There is a stone staircase leading down here.
You open the door.
There is an open door here.
There is a staircase leading out of the dungeon here.
You have escaped!

.# #### #......### .# #>.#
#......#.. .##
#####..############......#.. ..#
#...........................
..####.###.#####'##############..
.........#..#.......# #..
..####.#.#..#.8.8.8.# #..
..####.#.#..#.......#### #####..
...)...#.#..'.8.@.8.'..# #......
.####.##....#.......##.####......
.# #.##.#..#.8.8.8.#............
.# #.##.#..#.......#[...........
.# #.##....####'####............
.# #.......# #...##............
.# #.####.## ###...............
.# #.# #.# ####............ .#
### #.# #......######


There were no monsters in sight!

Vanquished Creatures
  Frederick (Vaults:5)
  6 dread liches
  The ghost of vico the Wrestler, a legendary TrFi of Qazlal (Zot:5)
  2 orbs of fire
  5 ancient liches
  Khufu (Crypt:3)
  Mara (Snake:3)
  A juggernaut (Depths:3)
  A pandemonium lord (D:13)
  Josephina (Zot:4)
  Bai Suzhen (Depths:1)
  A royal mummy (Crypt:3)
  3 Killer Klowns (Zot:5)
  Boris (twice) (Crypt:1 Crypt:3)
  Margery (Crypt:3)
  Vashnia (Snake:4)
  The ghost of sentinel the Conqueror, an adept MiMo of Okawaru (Zot:5)
  4 caustic shrikes (Depths:2)
  Jory (Vaults:5)
  6 golden dragons
  A profane servitor (Crypt:3)
  2 doom hounds (Zot:4)
  3 bone dragons
  A Hell Sentinel (D:9)
  A hellephant (Crypt:3)
  2 walking crystal tomes
  Mlioglotl (Snake:1)
  20 tentacled monstrosities
  12 liches
  Jorgrun (Elf:1)
  Grunn (Zot:4)
  19 Orb Guardians
  8 titans
  2 deep elf blademasters (Elf:3)
  Zenata (Vaults:1)
  The ghost of Rayvis the Executioner, an adept MiFi of Makhleb (Elf:1)
  2 deep elf master archers (Elf:3)
  3 quicksilver dragons
  Asterion (Snake:2)
  5 sphinxes
  5 ancient champions
  10 death cobs
  12 tengu reavers
  Donald (Snake:2)
  8 shadow dragons
  15 storm dragons
  2 draconian monks
  4 draconian knights
  Ilsuiw (Shoals:2)
  5 nagarajas
  5 deep elf sorcerers
  3 draconian shifters
  6 fire giants
  7 protean progenitors
  9 frost giants
  6 draconian scorchers
  2 caustic shrike zombies (Crypt:3)
  5 iron dragons
  2 cacodemons (Depths:3)
  A juggernaut zombie (Crypt:3)
  16 vault wardens
  2 deep elf elementalists (Elf:3)
  2 ghost moths
  2 orc warlords
  4 spriggan defenders
  An angel (D:13)
  2 draconian annihilators (Zot:3)
  4 draconian stormcallers
  17 ironbound preservers
  3 reapers
  5 curse skulls
  15 ghouls
  2 formless jellyfish
  19 stone giants
  16 very ugly things
  5 ironbound thunderhulks
  11 deep elf demonologists
  9 green draconians
  Nessos (Lair:5)
  8 vampire knights
  6 black draconians
  A lorocyproca (D:11)
  8 deep elf death magi
  9 dire elephants
  7 deep elf annihilators
  6 white draconians
  6 yellow draconians
  A war gargoyle (Vaults:3)
  7 red draconians
  9 spark wasps
  4 purple draconians
  7 eidola (Crypt:3)
  8 ettins
  A spectral pearl dragon (Depths:3)
  Snorg (D:11)
  3 mummy priests
  5 merfolk javelineers
  4 quicksilver dragon zombies
  3 entropy weavers
  An elf zombie (Crypt:3)
  4 jiangshi
  3 deep elf high priests
  7 fire dragons
  5 merfolk impalers
  A crystal guardian (Vaults:1)
  33 vault guards
  14 yaktaur captains
  A spriggan zombie (Crypt:3)
  Fannar (Orc:1)
  5 great orbs of eyes
  Erolcha (Orc:1)
  A fenstrider witch zombie (Crypt:3)
  5 ice dragons
  A hell beast (Depths:1)
  A spriggan skeleton (Crypt:2)
  2 salamander tyrants
  2 rakshasas
  2 quicksilver dragon skeletons (Crypt:2)
  7 ironbound frosthearts
  5 hydras
  2 alligator snapping turtles
  3 catoblepae
  7 boulder beetles
  4 death knights
  12 anacondas
  2 radroaches (Zot:4)
  2 peacekeepers
  A fenstrider witch skeleton (Crypt:2)
  9 spriggan air magi
  7 centaur warriors
  4 merfolk avatars (Shoals:4)
  2 two-headed ogres (shapeshifter) (Depths:3)
  2 alligators (Depths:4)
  4 merfolk aquamancers (Shoals:4)
  A two-headed ogre (D:13)
  13 death yaks
  12 naga warriors
  11 naga sharpshooters
  2 vampire magi
  29 dancing weapons
  An orc high priest (Orc:2)
  An occultist (Depths:2)
  7 tengu warriors
  25 deep elf knights
  9 deep troll shamans
  8 spriggan berserkers
  7 deep troll earth magi
  3 shock serpents
  3 shock serpents (shapeshifter)
  19 hell knights
  2 soul eaters
  2 sun demons (D:5)
  2 storm dragon zombies
  36 skeletal warriors
  2 titan skeletons
  18 sea snakes
  2 bunyip zombies (Crypt:3)
  Amaemon (Lair:2)
  8 iron trolls
  2 anaconda zombies (Crypt:3)
  3 salamander mystics
  7 flayed ghosts
  A glowing orange brain (D:5)
  A sea snake (shapeshifter) (Depths:3)
  6 skysharks
  8 deep elf archers
  An orb spider (shapeshifter) (Depths:3)
  A golden dragon zombie (Depths:3)
  A sun moth (Zot:4)
  A swamp dragon (shapeshifter) (Vaults:5)
  3 arcanists
  13 mana vipers
  37 deep trolls
  11 naga ritualists
  2 bog bodies (Crypt:2)
  A glowing orange brain (shapeshifter) (Vaults:4)
  A deep troll (shapeshifter) (Depths:3)
  26 harpies
  12 orc knights
  13 lindwurms
  A harpy (shapeshifter) (D:15)
  32 phantasmal warriors
  32 deep elf pyromancers
  18 ironbound convokers
  13 necromancers
  36 ugly things
  18 deep elf zephyrmancers
  A jorogumo skeleton (Crypt:2)
  8 cyclopes
  A moth of wrath (shapeshifter) (Depths:3)
  13 fauns
  2 orc sorcerers
  A wolf spider (Crypt:3)
  29 moths of wrath
  12 salamanders
  18 manticores
  14 elephants
  4 kobold blastminers
  11 merfolk sirens
  A draconian skeleton (Crypt:2)
  19 vault sentinels
  A stone giant skeleton (Depths:2)
  2 ice statues (IceCv)
  An orange demon (Lair:3)
  6 guardian serpents
  An alligator skeleton (Crypt:1)
  Joseph (D:7)
  A water nymph (shapeshifter) (Depths:3)
  42 black mambas
  A toenail golem (Zot:5)
  3 water nymphs
  4 centaur skeletons (Crypt:2)
  A torpor snail (Lair:5)
  12 cane toads
  13 naga magi
  2 unseen horrors (shapeshifter)
  2 unseen horrors (D:12)
  A yaktaur (shapeshifter) (Vaults:5)
  8 rime drakes
  2 dire elephant skeletons (Crypt:2)
  A kobold demonologist (D:10)
  A redback zombie (Crypt:2)
  6 komodo dragons
  2 spectral glowing shapeshifters (Depths:3)
  4 efreet
  7 guardian mummies
  5 tengu conjurers
  An anaconda simulacrum (IceCv)
  24 yaktaurs
  2 harpy zombies (Crypt:3)
  2 golden dragon simulacra
  9 freezing wraiths
  6 ice devils
  2 trolls (shapeshifter)
  2 tyrant leeches (Zot:4)
  2 wind drakes
  3 harpy skeletons
  3 shadow dragon simulacra
  11 hornets
  A merfolk (shapeshifter) (Vaults:5)
  27 merfolk
  A minotaur skeleton (Crypt:2)
  13 trolls
  18 snapping turtles
  Prince Ribbit (D:7)
  8 dream sheep (Lair:5)
  5 blink frogs (Lair:3)
  A hydra skeleton (Crypt:1)
  27 slime creatures
  A snapping turtle (shapeshifter) (D:13)
  2 jumping spiders (Crypt:3)
  A glass eye (Depths:3)
  An iron dragon simulacrum (Depths:3)
  A centaur simulacrum (D:15)
  An ettin zombie (Depths:2)
  2 air elementals
  A spriggan (shapeshifter) (Elf:3)
  11 spriggans
  A culicivora (Vaults:4)
  A fire dragon skeleton (Crypt:2)
  A guardian serpent skeleton (Crypt:1)
  11 wraiths
  An ettin skeleton (Crypt:2)
  A vampire (D:11)
  14 water elementals
  7 wyverns
  A black mamba skeleton (Crypt:2)
  3 shadows
  41 yaks
  A golden eye (shapeshifter) (Depths:3)
  2 yaks (shapeshifter)
  7 basilisks
  3 fire elementals
  10 redbacks
  11 vampire mosquitoes
  7 wargs
  3 steam dragons
  A naga zombie (Crypt:3)
  A glowing shapeshifter zombie (Depths:3)
  A harpy simulacrum (Crypt:1)
  2 hydra simulacra (IceCv)
  44 nagas
  3 acid dragons
  22 water moccasins
  3 naga skeletons (Crypt:2)
  20 orc warriors
  2 sky beasts
  4 black bears
  19 laughing skulls
  9 ogres
  7 ice beasts
  11 wolves
  8 centaurs
  A dream sheep skeleton (Crypt:2)
  4 kobold brigands (D:10)
  3 phantoms
  A komodo dragon zombie (Crypt:2)
  A salamander zombie (Crypt:2)
  14 necrophages
  A bullfrog (shapeshifter) (Vaults:5)
  11 bullfrogs
  3 two-headed ogre simulacra (IceCv)
  An elf skeleton (Crypt:2)
  An earth elemental (Elf:3)
  3 glowing shapeshifter simulacra (Depths:3)
  A cane toad simulacrum (IceCv)
  8 wights
  13 wyvern skeletons (Crypt:3)
  3 elephant simulacra (IceCv)
  9 killer bees
  2 electric eels
  3 howler monkeys
  2 bombardier beetles
  6 hounds
  3 jellies
  16 orc priests
  2 gnoll boudas
  Terence (D:3)
  2 iguanas
  Natasha (thrice) (D:2)
  30 orc wizards
  2 polar bear simulacra (IceCv)
  2 troll simulacra (IceCv)
  3 spriggan simulacra (IceCv)
  2 tengu zombies
  A hound skeleton (Crypt:1)
  3 mummies (Crypt:3)
  7 adders
  32 gnolls
  An adder (shapeshifter) (D:15)
  2 naga simulacra (IceCv)
  A shadow imp (D:5)
  16 white imps
  3 ufetubi
  An adder zombie (Crypt:1)
  7 dart slugs
  51 orcs
  10 endoplasms
  7 giant cockroaches
  11 goblins
  5 hobgoblins
  9 jackals
  7 quokkas
  4 ball pythons
  8 bats
  4 frilled lizards
  A frilled lizard skeleton (Crypt:1)
  A goblin skeleton (Crypt:1)
  5 kobolds
  4 rats
  An aspiring flesh (Zot:4)
2261 creatures vanquished.

Vanquished Creatures (collateral kills)
  An orb of fire (Zot:5)
  A golden dragon (Vaults:5)
  A tentacled monstrosity (Zot:1)
  4 Orb Guardians (Zot:5)
  A quicksilver dragon (Vaults:5)
  A sphinx (Vaults:5)
  A tengu reaver (Vaults:5)
  A shadow dragon (Zot:2)
  A protean progenitor (Zot:2)
  A vault warden (Vaults:5)
  2 green draconians
  A yellow draconian (Zot:5)
  A purple draconian (Zot:5)
  An ettin (Vaults:5)
  A sun moth (Zot:4)
  A moth of wrath (Zot:2)
  A water nymph (Shoals:1)
  A yaktaur (Vaults:1)
  2 aspiring fleshes
24 creatures vanquished.

Vanquished Creatures (others)
  A dancing weapon (Elf:2)
  A naga warrior (Snake:1)
  A deep elf archer (Elf:2)
  A deep elf pyromancer (Elf:1)
  A green draconian simulacrum (Zot:4)
  A wight (D:8)
6 creatures vanquished.

Grand Total: 2291 creatures vanquished

Notes
Turn   | Place    | Note
-------+----------+-------------------------------------------
     0 | D:5      | Armakuni the Human Delver began the quest for the Orb.
     0 | D:5      | Reached XP level 1. HP: 18/18 MP: 1/1
    13 | D:5      | Noticed an ogre
    93 | D:4      | Reached XP level 2. HP: 23/24 MP: 2/2
   434 | D:2      | Reached XP level 3. HP: 25/29 MP: 3/3
   913 | D:1      | Reached XP level 4. HP: 22/35 MP: 4/4
  1205 | D:2      | Noticed Natasha
  1208 | D:2      | Killed Natasha
  1465 | D:2      | Noticed Natasha
  1475 | D:2      | Killed Natasha
  1476 | D:2      | Reached skill level 5 in Long Blades
  1476 | D:2      | Reached XP level 5. HP: 24/41 MP: 5/5
  1773 | D:2      | Noticed Natasha
  1886 | D:2      | Killed Natasha
  1973 | D:3      | Noticed Terence
  1993 | D:3      | Killed Terence
  2307 | D:3      | Reached XP level 6. HP: 46/47 MP: 6/6
  2936 | D:3      | Reached XP level 7. HP: 32/52 MP: 4/7
  4129 | D:5      | Found a runed translucent gate.
  4236 | D:5      | Found a runed translucent gate.
  4237 | D:5      | Found a runed translucent gate.
  4239 | D:5      | Noticed braks's ghost (novice NaIE)
  4651 | D:4      | Reached XP level 8. HP: 53/58 MP: 8/8
  4793 | D:5      | Found a broken altar of Ashenzari.
  5109 | D:4      | Reached skill level 1 in Shields
  5316 | D:5      | Found a radiant altar of Vehumet.
  5361 | D:5      | Found a burning altar of Makhleb.
  5365 | D:5      | Found a stormy altar of Qazlal.
  5365 | D:5      | Found an ornate altar of the Wu Jian Council.
  5367 | D:5      | Found an iron altar of Okawaru.
  5368 | D:5      | Found a bloodstained altar of Trog.
  5529 | D:5      | Found Siraif's Distillery.
  5535 | D:5      | Bought a potion of heal wounds for 55 gold pieces
  5535 | D:5      | Bought 2 potions of degeneration for 22 gold pieces
  5618 | D:6      | Found a staircase to the Ecumenical Temple.
  5623 | Temple   | Entered the Ecumenical Temple
  5632 | Temple   | Became a worshipper of the Shining One
  6663 | D:7      | Noticed Prince Ribbit
  6773 | D:7      | Reached skill level 5 in Fighting
  6773 | D:7      | Reached skill level 1 in Invocations
  6798 | D:7      | Killed Prince Ribbit
  6799 | D:7      | Reached skill level 1 in Armour
  6799 | D:7      | Reached XP level 9. HP: 38/68 MP: 5/10
  7611 | D:7      | Noticed Joseph
  7917 | D:7      | Identified the staff "Cuoru" {+Blink rF+ Int+6 Fire}
  7964 | D:7      | Found a blossoming altar of Fedhas.
  8090 | D:7      | Reached skill level 10 in Long Blades
  8203 | D:8      | Reached * piety under the Shining One
  8209 | D:8      | Found a staircase to the Lair.
  8209 | D:8      | Noticed a rime drake
  8278 | D:8      | Killed a rime drake
  8372 | D:8      | Found a flagged portal.
  8385 | Bailey   | Entered a bailey
  8895 | Bailey   | Noticed an orc knight
  8939 | Bailey   | Killed an orc knight
  8940 | Bailey   | Reached XP level 10. HP: 44/74 MP: 8/11
  9103 | Bailey   | Reached XP level 11. HP: 89/89 MP: 12/12
  9753 | D:8      | Noticed a green ugly thing
  9939 | D:7      | Killed Joseph
 10071 | D:8      | Noticed a boulder beetle
 10083 | D:8      | Killed a boulder beetle
 10092 | Lair:1   | Entered Level 1 of the Lair of Beasts
 10110 | D:8      | Reached skill level 15 in Long Blades
 10213 | D:8      | Noticed a red ugly thing
 10226 | D:8      | Killed a purple ugly thing
 10232 | D:8      | Killed a green ugly thing
 10929 | D:9      | Found a glowing silver altar of Zin.
 11082 | D:9      | Found a white marble altar of Elyvilon.
 11221 | D:10     | Entered Level 10 of the Dungeon
 11414 | D:10     | Noticed a cyclops
 11424 | D:10     | Killed a cyclops
 11457 | D:10     | Reached XP level 12. HP: 93/95 MP: 13/13
 13629 | Lair:2   | Found a staircase to the Snake Pit.
 13959 | Lair:2   | Found a staircase to the Shoals.
 14059 | Lair:2   | Reached XP level 13. HP: 81/101 MP: 9/14
 14647 | Lair:3   | Found a runed translucent door.
 14648 | Lair:3   | Found a shimmering altar of Xom.
 14648 | Lair:3   | Noticed Ruicvywi's ghost (journeyman OnSh)
 15138 | Lair:3   | Noticed Amaemon
 15163 | Lair:2   | Killed Amaemon
 15218 | Lair:3   | Reached ** piety under the Shining One
 15586 | Lair:3   | Reached skill level 5 in Dodging
 16328 | Lair:4   | Reached skill level 5 in Armour
 16381 | Lair:4   | Reached XP level 14. HP: 94/108 MP: 16/16
 16622 | Lair:4   | Reached skill level 5 in Invocations
 16686 | Lair:4   | Found a staircase to the Slime Pits.
 16866 | Lair:5   | Entered Level 5 of the Lair of Beasts
 17047 | Lair:5   | Reached skill level 10 in Fighting
 17152 | Lair:5   | Noticed Nessos
 17165 | Lair:5   | Killed Nessos
 18905 | D:11     | Noticed Snorg
 18916 | D:11     | Killed Snorg
 19066 | D:11     | Reached skill level 5 in Evocations
 19142 | D:11     | Found a portal to a secret trove of treasure.
 19255 | D:11     | Found a staircase to the Orcish Mines.
 19478 | D:11     | Reached XP level 15. HP: 115/122 MP: 16/18
 19481 | D:11     | Reached *** piety under the Shining One
 19954 | D:12     | Found Bougaott's General Store.
 19958 | D:12     | Bought a scroll of blinking for 105 gold pieces
 20280 | Orc:1    | Entered Level 1 of the Orcish Mines
 20285 | Orc:1    | Found a frozen archway.
 20285 | Orc:1    | Noticed Erolcha
 20295 | Orc:1    | Reached **** piety under the Shining One
 20302 | Orc:1    | Killed Erolcha
 20342 | IceCv    | Entered an ice cave
 20582 | IceCv    | Reached ***** piety under the Shining One
 21006 | Orc:1    | Found Baxeun's Magic Scroll Boutique.
 21215 | Orc:1    | Noticed Fannar
 21240 | Orc:1    | Killed Fannar
 21738 | Orc:2    | Entered Level 2 of the Orcish Mines
 21738 | Orc:2    | Found Wommir's Book Emporium.
 21781 | Orc:2    | Noticed an orc warlord
 21781 | Orc:2    | Found Yrynwici's Antique Weapon Shoppe.
 22303 | Orc:2    | Found Aveawami's Antique Armour Shoppe.
 22538 | Orc:2    | Reached skill level 10 in Invocations
 22741 | Orc:2    | Found a shimmering blue altar of Sif Muna.
 22897 | Orc:2    | Killed an orc warlord
 22951 | Orc:2    | Found a staircase to the Elven Halls.
 23054 | Orc:2    | Bought an embroidered cloak for 225 gold pieces
 23099 | Orc:2    | Found Usirau's General Store.
 23514 | Orc:1    | Bought a scroll of blinking for 90 gold pieces
 23514 | Orc:1    | Bought a scroll of blinking for 90 gold pieces
 23514 | Orc:1    | Bought a scroll of enchant armour for 90 gold pieces
 23514 | Orc:1    | Bought a scroll of revelation for 90 gold pieces
 23514 | Orc:1    | Bought a scroll of revelation for 90 gold pieces
 23514 | Orc:1    | Bought a scroll of fog for 48 gold pieces
 23514 | Orc:1    | Bought 2 scrolls of fog for 96 gold pieces
 24204 | D:13     | Found a gate to the Vaults.
 25183 | D:14     | Reached XP level 16. HP: 123/131 MP: 22/25
 25199 | D:14     | Reached ****** piety under the Shining One
 25200 | D:14     | Identified a +5 longbow of holy wrath (a +3 longbow of
                  | chaos blessed by the Shining One)
 25200 | D:14     | Received a gift from the Shining One
 25293 | D:14     | Reached skill level 1 in Ranged Weapons
 25302 | D:14     | Learned a level 1 spell: Apportation
 25656 | D:14     | Found a broken altar of Ashenzari.
 25753 | D:15     | Entered Level 15 of the Dungeon
 25927 | D:15     | Reached skill level 5 in Ranged Weapons
 26219 | D:15     | Identified a scroll of acquirement
 26220 | D:15     | Acquired 994 gold pieces
 26361 | D:15     | Found a staircase to the Depths.
 27163 | Snake:1  | Entered Level 1 of the Snake Pit
 28528 | Snake:1  | Noticed a nagaraja
 28544 | Snake:1  | Killed a nagaraja
 28545 | Snake:1  | Reached skill level 10 in Ranged Weapons
 28728 | Snake:2  | Noticed Donald
 28761 | Snake:2  | Noticed Mlioglotl
 28818 | Snake:2  | Reached XP level 17. HP: 55/137 MP: 10/26
 30224 | Snake:2  | Killed Donald
 30757 | Snake:3  | Learned a level 3 spell: Call Canine Familiar
 30956 | Snake:2  | Noticed Asterion
 30982 | Snake:2  | Killed Asterion
 31219 | Snake:1  | Killed Mlioglotl
 31528 | Snake:2  | Noticed Roxanne
 31554 | Snake:2  | Reached skill level 15 in Invocations
 31675 | Snake:2  | You fall into a shaft and drop 1 floor!
 32351 | Snake:4  | Entered Level 4 of the Snake Pit
 32421 | Snake:4  | Noticed Mara
 32428 | Snake:3  | Noticed Armakuni's illusion
 32432 | Snake:3  | Noticed Armakuni's illusion
 32440 | Snake:3  | Killed Mara
 32471 | Snake:4  | Identified the +2 rapier of Gigaur {flame, rN+}
 32512 | Snake:4  | Found Ohedoasu's Magic Scroll Boutique.
 32541 | Snake:4  | Noticed Vashnia
 33169 | Snake:4  | Found Lomaurut's Weapon Boutique.
 33243 | Snake:4  | Found Huaxkizi's Jewellery Shop.
 33257 | Snake:4  | Bought a scroll of blinking for 75 gold pieces
 33257 | Snake:4  | Bought a scroll of enchant armour for 75 gold pieces
 33257 | Snake:4  | Bought a scroll of teleportation for 30 gold pieces
 33257 | Snake:4  | Bought a scroll of teleportation for 30 gold pieces
 33774 | Snake:4  | Reached XP level 18. HP: 109/144 MP: 29/29
 34444 | Snake:4  | Killed Vashnia
 35865 | Snake:4  | Reached skill level 15 in Ranged Weapons
 36039 | Snake:4  | Got a serpentine rune of Zot
 36201 | Shoals:1 | Entered Level 1 of the Shoals
 36919 | Shoals:1 | Found Ropug's General Store.
 36934 | Shoals:1 | Bought a scroll of immolation for 80 gold pieces
 36934 | Shoals:1 | Bought a potion of magic for 160 gold pieces
 36934 | Shoals:1 | Bought a wand of iceblast (6) for 288 gold pieces
 37496 | Shoals:2 | Identified the +7 short sword "Vujow" {venom, rC+ Int+2}
 37638 | Shoals:2 | Noticed Ilsuiw
 37654 | Shoals:2 | Killed Ilsuiw
 38133 | Shoals:3 | Found Detwujal's Jewellery Shoppe.
 38328 | Shoals:3 | Noticed a titan
 38361 | Shoals:3 | Killed a titan
 38527 | Shoals:4 | Entered Level 4 of the Shoals
 38921 | Shoals:3 | Bought the brooch of Shielding {Spirit SH+8} for 1170 gold
                  | pieces
 38921 | Shoals:3 | Found the brooch of Shielding {Spirit SH+8}
 38960 | Shoals:4 | Reached XP level 19. HP: 118/150 MP: 22/30
 39569 | Shoals:4 | Identified the +0 chain mail of Autumn {rC- rN+ Dex+3}
 39665 | Shoals:4 | Got a barnacled rune of Zot
 40153 | Shoals:4 | Got Gaateh's Papyrus of Sepulchral Obstruction
 40683 | Vaults:1 | Entered Level 1 of the Vaults
 41915 | Vaults:1 | Noticed Zenata
 41926 | Vaults:1 | Killed Zenata
 42449 | Vaults:1 | Found the +5 glaive of the Guard {elec, spectral}
 42475 | Vaults:1 | Identified the +1 pair of boots of the Singing Gods {Harm
                  | rC+ Will- Regen+ Str+3}
 42690 | D:11     | You paid a toll of a +6 demon trident to enter a treasure
                  | trove
 42691 | Trove    | Entered a treasure trove
 42722 | Trove    | Got Sif Muna's Secrets of Damaging Anthracomancy
 42744 | Trove    | Identified the amulet of Doubts {Faith Harm rElec Regen+
                  | Int-5}
 43481 | Vaults:2 | Noticed a bone dragon
 43503 | Vaults:2 | Killed a bone dragon
 43504 | Vaults:2 | Found a staircase to the Crypt.
 43516 | Crypt:1  | Entered Level 1 of the Crypt
 43545 | Crypt:1  | Reached XP level 20. HP: 160/160 MP: 31/31
 43647 | Crypt:1  | Reached skill level 15 in Fighting
 43801 | Crypt:1  | Noticed Boris
 43812 | Crypt:1  | Killed Boris
 44753 | Crypt:2  | Identified the ring "Zasuina" {Str+6 Slay+3}
 45344 | Crypt:2  | Identified the +6 scale mail "Xebuj" {rPois Str-3 Dex+2}
 45554 | Crypt:2  | Identified the ring "Wuigoiph" {rCorr Str+6 Int+3 Dex-4
                  | SInv}
 45814 | Crypt:3  | Entered Level 3 of the Crypt
 45967 | Crypt:3  | Noticed a hellephant
 45971 | Crypt:3  | Noticed Margery
 45986 | Crypt:3  | Killed Margery
 45989 | Crypt:3  | Killed a hellephant
 46009 | Crypt:3  | Reached XP level 21. HP: 167/176 MP: 22/34
 46542 | Crypt:3  | Identified the +1 battleaxe "Omelette" {flame, rElec rPois
                  | rCorr Str+6}
 46579 | Crypt:3  | Noticed Khufu
 46579 | Crypt:3  | Noticed a royal mummy
 46892 | Crypt:3  | Noticed Boris
 46912 | Crypt:3  | Killed Boris
 47051 | Crypt:3  | Found a basalt altar of Yredelemnul.
 47080 | Crypt:3  | Reached skill level 10 in Dodging
 47141 | Crypt:3  | Identified the staff "Zaomim" {rN+ Will+ Necro Fire}
 47168 | Crypt:3  | Noticed a profane servitor
 47199 | Crypt:3  | Killed a profane servitor
 47215 | Crypt:3  | Identified the amulet of the Ageless Souls {rC+ rN+ Regen+}
 47228 | Crypt:3  | Identified the ring "Adaomm Ecun" {rN+ Dex+3}
 47228 | Crypt:3  | Identified the ring "Qotwam" {rN+ Int+4 Slay-2}
 47245 | Crypt:3  | Identified the +3 trident "Imiec" {venom, *Slow rF++ rN++}
 47373 | Crypt:3  | Noticed a bone dragon
 47392 | Crypt:3  | Killed a bone dragon
 47618 | Crypt:3  | Found a staircase to the Tomb.
 47767 | Crypt:3  | Killed a royal mummy
 47770 | Crypt:3  | Killed Khufu
 48390 | Vaults:2 | Found Toimn's Assorted Antiques.
 48673 | Vaults:2 | Reached skill level 10 in Armour
 49510 | Vaults:2 | Reached XP level 22. HP: 133/183 MP: 21/36
 49862 | Vaults:3 | Noticed an ancient lich
 49878 | Vaults:3 | Killed an ancient lich
 50478 | Vaults:3 | Reached skill level 10 in Evocations
 50551 | Vaults:3 | Reached skill level 1 in Spellcasting
 50551 | Vaults:3 | Reached skill level 1 in Summonings
 50749 | Vaults:3 | Identified the +9 plate armour "Laomunel" {rC+}
 51112 | Vaults:3 | Got the Omnibus of the Curse
 51118 | Vaults:3 | Got the Secrets of the Supportive Queen Bee
 52705 | Vaults:5 | Entered Level 5 of the Vaults
 52705 | Vaults:5 | Noticed Jory
 52715 | Vaults:5 | Killed Jory
 52723 | Vaults:5 | Reached skill level 15 in Dodging
 52734 | Vaults:5 | Noticed a golden dragon
 52750 | Vaults:5 | Killed a golden dragon
 52751 | Vaults:5 | Reached XP level 23. HP: 168/190 MP: 37/37
 53361 | Vaults:5 | Identified the orb "Laib" {*channel, Str+3}
 53361 | Vaults:5 | Noticed Frederick
 53559 | Vaults:5 | Killed Frederick
 53808 | Vaults:5 | Identified the +2 trident of Insufficient Pleasure {drain,
                  | MP+9}
 53959 | Vaults:5 | Found Zozixon's Distillery.
 53963 | Vaults:5 | Found Exudeife's Distillery.
 53964 | Vaults:5 | Bought a potion of heal wounds for 115 gold pieces
 53964 | Vaults:5 | Bought a potion of resistance for 230 gold pieces
 53964 | Vaults:5 | Bought a potion of curing for 69 gold pieces
 53964 | Vaults:5 | Bought a potion of curing for 69 gold pieces
 53971 | Vaults:5 | Bought 2 potions of resistance for 440 gold pieces
 53971 | Vaults:5 | Bought a potion of mutation for 176 gold pieces
 53971 | Vaults:5 | Bought a potion of cancellation for 176 gold pieces
 53971 | Vaults:5 | Bought 2 potions of cancellation for 352 gold pieces
 54078 | Vaults:5 | Found Buigh's Magic Scroll Shoppe.
 54079 | Vaults:5 | Found Winyppugg's Distillery.
 54083 | Vaults:5 | Bought a potion of heal wounds for 90 gold pieces
 54083 | Vaults:5 | Bought a potion of heal wounds for 90 gold pieces
 54083 | Vaults:5 | Bought a potion of lignification for 54 gold pieces
 54089 | Vaults:5 | Found Savaohue's Armour Shop.
 54121 | Vaults:5 | Bought the +0 pair of fencer's gloves {Riposte Dex+3} for
                  | 520 gold pieces
 54121 | Vaults:5 | Found the +0 pair of fencer's gloves {Riposte Dex+3}
 54141 | Vaults:5 | Found Cautiorena's Distillery.
 54244 | Vaults:5 | Found Ampi's Magic Scroll Shoppe.
 54251 | Vaults:5 | Bought a scroll of enchant weapon for 90 gold pieces
 54251 | Vaults:5 | Bought a scroll of enchant weapon for 90 gold pieces
 54290 | Vaults:5 | Bought a scroll of brand weapon for 161 gold pieces
 54294 | Vaults:5 | Bought a scroll of revelation for 127 gold pieces
 54294 | Vaults:5 | Bought a scroll of revelation for 127 gold pieces
 54307 | Vaults:5 | Bought a potion of resistance for 150 gold pieces
 54307 | Vaults:5 | Bought a potion of resistance for 150 gold pieces
 54640 | Vaults:5 | Got a silver rune of Zot
 54754 | Vaults:5 | Found Kukhus's Armour Boutique.
 54754 | Vaults:5 | Noticed a dread lich
 54768 | Vaults:5 | Killed a dread lich
 54860 | Vaults:5 | Paralysed by a sphinx for 3 turns
 54873 | Vaults:5 | Found Woaxkuv's Antique Armour Shop.
 54889 | Vaults:5 | Found Qiseluaq's Distillery.
 55322 | Vaults:5 | Bought a scroll of enchant armour for 127 gold pieces
 55323 | Vaults:5 | Bought a scroll of enchant armour for 127 gold pieces
 55594 | Orc:2    | Bought a scroll of revelation for 97 gold pieces
 55594 | Orc:2    | Bought a scroll of revelation for 97 gold pieces
 55614 | Elf:1    | Entered Level 1 of the Elven Halls
 55756 | Elf:1    | Reached XP level 24. HP: 197/197 MP: 37/37
 55799 | Elf:1    | Found an ancient bone altar of Kikubaaqudgha.
 55822 | Elf:1    | Noticed Rayvis's ghost (adept MiFi)
 55967 | Elf:1    | Got the Encyclopedia of Assembling
 56120 | Elf:1    | Noticed Jorgrun
 56126 | Elf:1    | Killed Jorgrun
 56210 | Elf:1    | Found a runed translucent gate.
 56210 | Elf:1    | Found a runed translucent gate.
 56210 | Elf:1    | Found a runed translucent gate.
 56432 | Elf:1    | Killed Rayvis's ghost
 56568 | Elf:1    | Identified the +0 helmet of the Centipede {rF+ rCorr Dex-2}
 56716 | Elf:2    | Paralysed by an air elemental for 1 turns
 56726 | Elf:2    | Learned a level 2 spell: Lesser Beckoning
 56804 | Elf:2    | Found Neyllam's Assorted Antiques.
 56899 | Elf:2    | Bought a potion of heal wounds for 175 gold pieces
 56971 | Elf:2    | Found a runed translucent gate.
 56973 | Elf:2    | Found a runed translucent gate.
 56978 | Elf:2    | Found a runed translucent gate.
 57165 | Elf:2    | Found a shimmering blue altar of Sif Muna.
 57715 | Elf:3    | Entered Level 3 of the Elven Halls
 57762 | Elf:3    | Found Ofeoxull's General Store.
 57770 | Elf:3    | Bought a potion of heal wounds for 75 gold pieces
 57770 | Elf:3    | Bought a potion of resistance for 150 gold pieces
 57770 | Elf:3    | Found Qiranoso's Distillery.
 57774 | Elf:3    | Bought a potion of heal wounds for 90 gold pieces
 57774 | Elf:3    | Bought a potion of cancellation for 144 gold pieces
 57774 | Elf:3    | Bought a potion of haste for 180 gold pieces
 58677 | Elf:3    | Identified the amulet of Due Proportion {Faith rElec Regen+
                  | rCorr Int-4}
 58747 | Elf:3    | Identified the +1 robe "Bemolira" {rElec Str+3}
 58927 | Elf:3    | Identified the +9 great sword "Human's Doom" {holy, rN+
                  | Will+ rCorr Int+3}
 58960 | Elf:3    | Identified the orb of Autumn {guile, +Blink rC+ rN+ Int+4}
 59481 | D:5      | Bought a potion of ambrosia for 88 gold pieces
 59481 | D:5      | Bought a potion of haste for 110 gold pieces
 59481 | D:5      | Bought a potion of haste for 110 gold pieces
 59481 | D:5      | Bought a potion of curing for 33 gold pieces
 59481 | D:5      | Bought a potion of curing for 33 gold pieces
 59713 | Depths:1 | Entered Level 1 of the Depths
 59834 | Depths:1 | Found a gateway to Hell.
 60045 | Depths:1 | Noticed Bai Suzhen
 60073 | Depths:1 | Killed Bai Suzhen
 60184 | Depths:1 | Found Utuc's Weapon Shoppe.
 60228 | Depths:1 | Reached XP level 25. HP: 190/203 MP: 37/37
 60605 | Depths:1 | Found a glowing golden altar of the Shining One.
 60890 | Depths:2 | Found a one-way gate to the infinite horrors of the Abyss.
 61101 | Depths:2 | Found a one-way gate leading to the halls of Pandemonium.
 61799 | Depths:2 | Identified the +6 dagger of True Grit {protect, rF+}
 62364 | Depths:2 | Reached skill level 27 in Long Blades
 62565 | Depths:2 | Got the Book of the Undead Iceberg
 62947 | Depths:3 | Found Saeth's Weapon Emporium.
 62947 | Depths:3 | Found Hich's Jewellery Emporium.
 62949 | Depths:3 | Found Gefopygy's Magic Scroll Emporium.
 63063 | Depths:3 | Bought a scroll of revelation for 157 gold pieces
 63063 | Depths:3 | Bought a scroll of poison for 84 gold pieces
 63065 | Depths:3 | Bought a scroll of fog for 84 gold pieces
 63173 | Depths:3 | Noticed a juggernaut
 63192 | Depths:3 | Killed a juggernaut
 63377 | Depths:4 | Entered Level 4 of the Depths
 63418 | Depths:4 | Reached XP level 26. HP: 211/211 MP: 37/37
 64162 | Depths:4 | Found a gate to the Realm of Zot.
 64323 | Depths:3 | Found Cykaj's Antique Weapon Shop.
 64452 | Depths:3 | Found a one-way gateway to a ziggurat.
 64455 | Depths:3 | Found a basalt altar of Yredelemnul.
 64471 | Depths:3 | Found an ancient bone altar of Kikubaaqudgha.
 64471 | Depths:3 | Found a shimmering altar of Xom.
 64480 | Depths:3 | Gained mutation: Your spells are a little easier to cast,
                  | but a little less powerful. [a shining eye]
 64758 | Depths:3 | Found a shimmering altar of Xom.
 64766 | Depths:3 | Identified the +6 ring mail "Mafiere" {Rampage rN+++ Will-
                  | rCorr}
 64818 | Depths:3 | Got the Elucidation of Overcast Bones
 64822 | Depths:3 | Identified the staff of Qooqujeg {^Fragile rElec Str-2
                  | Stlth+ Conj}
 64829 | Depths:3 | Identified the death talisman of the Shishi {Int+2}
 64944 | Zot:1    | Entered Level 1 of the Realm of Zot
 65261 | Zot:1    | Noticed an orb of fire
 65265 | Zot:1    | Gained mutation: You occasionally lose the ability to read
                  | scrolls when taking damage. [an orb of fire]
 65278 | Zot:1    | Killed an orb of fire
 65376 | Zot:1    | Lost mutation: Your spells are a little easier to cast, but
                  | a little less powerful. [potion of mutation]
 65376 | Zot:1    | Lost mutation: You occasionally lose the ability to read
                  | scrolls when taking damage. [potion of mutation]
 65376 | Zot:1    | Gained mutation: You are somewhat resistant to further
                  | mutation. [potion of mutation]
 66972 | Zot:3    | Reached XP level 27. HP: 55/217 MP: 21/39
 68192 | Zot:4    | Noticed Grunn
 68503 | Zot:4    | Killed Grunn
 68636 | Zot:4    | Identified the ring of Jaepn {Ice Int+3}
 68636 | Zot:4    | Noticed Josephina
 68651 | Zot:4    | Killed Josephina
 68652 | Zot:4    | Reached skill level 27 in Invocations
 69058 | Zot:4    | Noticed an orb of fire
 69070 | Zot:4    | Killed an orb of fire
 69450 | Zot:5    | Entered Level 5 of the Realm of Zot
 69498 | Zot:5    | Found a runed translucent gate.
 69508 | Zot:5    | Found a runed translucent gate.
 69508 | Zot:5    | Found a runed translucent gate.
 69508 | Zot:5    | Found an ancient bone altar of Kikubaaqudgha.
 69508 | Zot:5    | Noticed an ancient lich
 69508 | Zot:5    | Noticed sentinel's ghost (adept MiMo)
 69508 | Zot:5    | Noticed vico's ghost (legendary TrFi)
 69508 | Zot:5    | Noticed a dread lich
 69508 | Zot:5    | Noticed a dread lich
 69519 | Zot:5    | Killed a dread lich
 69520 | Zot:5    | Killed an ancient lich
 69521 | Zot:5    | Killed vico's ghost
 69529 | Zot:5    | Killed sentinel's ghost
 69530 | Zot:5    | Killed a dread lich
 69543 | Zot:5    | Identified the +2 pair of boots "Oghemug" {rN+ Int+3 Dex+2}
 69559 | Zot:5    | Identified the amulet of Xom's Ringing Laughter {rPois
                  | Regen+ Dex+5}
 70004 | Zot:5    | Noticed a dread lich
 70013 | Zot:5    | Killed a dread lich
 70046 | Zot:5    | Noticed a dread lich
 70057 | Zot:5    | Killed a dread lich
 70058 | Zot:5    | Noticed an ancient lich
 70058 | Zot:5    | Noticed an orb of fire
 70066 | Zot:5    | Noticed an ancient lich
 70073 | Zot:5    | Killed an ancient lich
 70087 | Zot:5    | Noticed an ancient lich
 70094 | Zot:5    | Killed an ancient lich
 70174 | Zot:5    | Noticed an orb of fire
 70176 | Zot:5    | Noticed a dread lich
 70189 | Zot:5    | Killed a dread lich
 70189 | Zot:5    | Noticed an ancient lich
 70191 | Zot:5    | Killed an orb of fire
 70199 | Zot:5    | Killed an ancient lich
 70201 | Zot:5    | Got the Orb of Zot
 70405 | Zot:2    | Noticed Xeehuzxu the pandemonium lord
 70407 | Zot:2    | Noticed an ancient lich
 70597 | D:14     | Noticed Buit the pandemonium lord
 70616 | D:13     | Killed Buit the pandemonium lord
 70988 | D:$      | Escaped with the Orb!

Illustrated notes

Levels and vault maps discovered:
D:1:      doesnt_arrival_eight_statues, layout_basic, hangedman_decor_push,
          minmay_fountain_box
D:2:      layout_basic, uniq_natasha
D:3:      layout_basic, uniq_terence
D:4:      layout_rooms, chequers_big_river
D:5:      layout_cave_pools, mainiacjoe_overflow_boulevard,
          nicolae_vehumet_altar_sigil, minitemple,
          gammafunk_ghost_nasty_kobolds, kennysheep_windowed_goal
D:6:      layout_basic, minmay_temple_entry_nine_rooms
D:7:      layout_loops_corners, overflow_temple_1_default, uniq_joseph,
          uniq_prince_ribbit1
D:8:      nzn_winding_woodlands_small [nzn_winding_woodlands_5x15_pockets,
          nzn_winding_woodlands_center_triple_pond,
          nzn_winding_woodlands_5x15_crooked], layout_basic,
          hellmonk_lair_entry_icy, lightli_bailey_entry_fortress,
          grunt_ministairs_8
D:9:      layout_basic, nicolae_elyvilon_temple_path,
          mainiacjoe_overflow_alcove_4
D:10:     layout_basic, st_stairs_13
D:11:     layout_cave_pools, david_orc_1_choice, enter_trove_5,
          kennysheep_kite_vault, uniq_snorg
D:12:     layout_rooms, serial_shops, shop, chequers_serial_rivers_micro_d
D:13:     layout_stronghold, david_vaults_2
D:14:     layout_cave_pools, ashenzari_conservatory_becter
D:15:     hellmonk_depths_entry_around_the_bend, layout_stronghold,
          serial_co_window_serial, co_window_corner_a, co_window_paths_b,
          co_window_paths_a, co_window_paths_a, co_window_paths_b,
          co_window_paths_a, co_window_of_opportunity_b, co_window_cross_4,
          co_window_corner_ca, co_window_corner_ca, co_window_of_opportunity_c,
          glass_columns_b, glass_columns_b, glass_columns_b, glass_columns_a,
          hangedman_decor_opposing
Temple:   hellmonk_temple_flake
Lair:1:   layout_hall_layers
Lair:2:   layout_layer_cave, mainiacjoe_shoals_entry_four_pools,
          alex1729_snake_entry_snake, hangedman_lair_unloving_vines,
          serial_bayou_shore_b
Lair:3:   layout_misc_corridors, ebering_ghost_xom, grunt_megastairs_2,
          serial_bayou_shore_a, uniq_amaemon
Lair:4:   layout_cave_shapes, dpeg_slime_entry_enclosed, guppyfry_lair_drakes,
          grunt_megastairs_5
Lair:5:   hangedman_lair_in_review, layout_regular_city, uniq_nessos
Shoals:1: layout_shoals, serial_shops, shop_fountains
Shoals:2: layout_shoals, uniq_ilsuiw
Shoals:3: cheibrodos_shoals_gigantism, layout_shoals, nicolae_take_the_stairs
Shoals:4: shoals_end_simple, layout_shoals, shoals_ilsuiw_ice
Snake:1:  layout_grid_shapes, nicolae_snake_gridmaze_spiral
Snake:2:  layout_basic, st_stairs_12, grunt_megastairs_1, uniq_mlioglotl,
          uniq_roxanne, uniq_asterion, uniq_donald
Snake:3:  layout_chambers
Snake:4:  grunt_snake_rune_serpentine_throne, layout_onion, serial_shops, shop,
          minmay_shoptagon, uniq_vashnia, uniq_mara
Orc:1:    layout_caves, serial_shops, nicolae_diamond_shop,
          portal_ice_cave_entry_imps, uniq_fannar, uniq_erolcha
Orc:2:    grunt_orc_gardens, layout_caves, grunt_orc_garden, grunt_orc_garden,
          grunt_orc_garden, grunt_orc_garden, basic_altar,
          kennysheep_orc_sif_temple
Elf:1:    minmay_elf_arrival_summoners, layout_geoelf_octagon, basic_altar,
          gammafunk_ghost_split, minmay_elf_demonology, uniq_jorgrun
Elf:2:    nicolae_elf_blades_splatter_lattice
          [nicolae_vaults_blade_armed_guards], layout_geoelf_diagonals,
          serial_shops, shop, basic_altar
Elf:3:    grunt_elf_hall_asides, layout_geoelf_castle, minmay_shop_star
Vaults:1: v_misc_28, ontoclasm_vaults_gateway, nicolae_vaults_network_square,
          hangedman_vaults_variations, minmay_guarded_unrand_guard_vaults,
          nicolae_vaults_shrinking_rooms_2, vaults_room_semicircle,
          nicolae_vaults_trapezoid_4, nicolae_vaults_oval_intersection,
          ontoclasm_vaults_twist, nicolae_vaults_tetromino_L_1,
          nicolae_vaults_variable_pillar_hall, layout_vaults_omnibox,
          uniq_zenata
Vaults:2: minmay_crypt_entry_nasty_monster, ontoclasm_vaults_tryst,
          nicolae_vaults_little_squares_6, v_misc_18, nicolae_vaults_diamond_1,
          hangedman_vaults_pinch, nicolae_vaults_oval_intersection,
          nicolae_vaults_asterisk, ontoclasm_vaults_ring_small,
          grunt_vaults_focal, layout_vaults_omnigrid, serial_shops,
          nicolae_shop_pleasant_corner_grove
Vaults:3: nicolae_vaults_offset_grid_hallway_3,
          nicolae_vaults_offset_grid_hallway_1, nicolae_vaults_network_s,
          nicolae_vaults_little_squares_1, nicolae_vaults_library_corner,
          nicolae_vaults_asterisk, nicolae_vaults_mini_display_case,
          nicolae_vaults_tetromino_T_1, layout_vaults_chaotic_city
Vaults:4: v_pattern_2, nicolae_vaults_closet_pinwheel_4,
          nicolae_vaults_frosty_reception, nicolae_vaults_network_quincunx
          [nicolae_vaults_network_quincunx_subvault,
          nicolae_vaults_network_quincunx_subvault,
          nicolae_vaults_network_quincunx_subvault,
          nicolae_vaults_network_quincunx_subvault,
          nicolae_vaults_network_quincunx_subvault], dpeg_vaults_monster_row,
          ontoclasm_vaults_fault, grunt_vaults_swirl,
          nicolae_vaults_shelves_hall, vaults_room_pool,
          nicolae_vaults_tangram_2, nicolae_vaults_apartment_1,
          nicolae_vaults_storage_room_water, layout_vaults_maze_bifur
Vaults:5: uniq_jory, uniq_frederick
Crypt:1:  layout_regular_city, grunt_crypt_arrival_split, uniq_boris
Crypt:2:  minmay_skeleton_keep, layout_basic, st_stairs_12
Crypt:3:  evilmike_haunted_forest, uniq_margery, uniq_khufu
Depths:1: layout_basic, serial_shops, kennysheep_mini, grunt_mini_vestibule,
          kennysheep_another_room, tso_oasis_becter, uniq_bai_suzhen
Depths:2: grunt_runaround [grunt_runaround_loot, grunt_runaround_doors_1,
          grunt_runaround_doors_2, grunt_runaround_doors_3,
          grunt_runaround_doors_4], pan_entry, abyss_entry, hell_entry
Depths:3: skrybe_chaotic_catacombs, layout_cave_pools, enter_ziggurat_a,
          pf_coc_iceberg, serial_shops, shop, hangedman_abyss_entry_splay,
          minmay_misc_feat_tiny, nicolae_shop_distant_corner_stores,
          grunt_ministairs_8
Depths:4: grunt_zot_entry_bicorn, layout_basic, pf_vacation_house_of_asmodeus,
          serial_sigils_hangedman_gnaw
Zot:1:    layout_misc_corridors, bh_zot_ikea_curve,
          regret_index_zotdec_abyssal_star_handed, grunt_ministairs_13
Zot:2:    layout_twisted_circle, hangedman_zot_diagonal_lockstep
Zot:3:    layout_gridlike, grunt_megastairs_3
Zot:4:    layout_basic, uniq_josephina, uniq_grunn
Zot:5:    layout_basic, gammafunk_ghost_crypt

Skill      XL: |  1  2  3  4  5  6  7  8  9 10 11 12 13 14 15 16 17 18 19 20 21 22 23 24 25 26 27 |
---------------+----------------------------------------------------------------------------------+-----
Long Blades    | 3 4 5 6 7 9 11 13 16 18 20 24 27 | 27.0
Shields        | 4 |  4.0
Fighting       | 5 9 12 13 14 17 | 17.8
Invocations    | 2 3 5 12 15 19 20 21 25 27 | 27.0
Evocations     | 2 5 7 10 | 10.0
Armour         | 1 3 5 10 | 10.0
Dodging        | 6 8 10 16 20 | 20.2
Ranged Weapons | 11 14 17 20 23 | 23.6
Spellcasting   | 4 |  4.0
Summonings     | 4 |  4.0
Stealth        | |  5.0
Shapeshifting  | |  0.7

Action                     |  1- 3 |  4- 6 |  7- 9 | 10-12 | 13-15 | 16-18 | 19-21 | 22-24 | 25-27 || total
---------------------------+-------+-------+-------+-------+-------+-------+-------+-------+-------++-------
  Melee: Falchion          |   128 |   186 |   263 |       |    31 |       |       |       |       ||   608
         Dagger            |       |       |   216 |     8 |       |       |       |       |       ||   224
         Great sword       |       |       |       |   418 |  1180 |   964 |  1146 |   238 |  1210 ||  5156
         Punch             |       |       |       |       |     1 |       |       |       |       ||     1
         Katana            |       |       |       |       |       |       |       |    14 |       ||    14
   Fire: Sling             |       |     3 |     6 |       |       |       |       |       |       ||     9
         Longbow           |       |       |       |       |       |   546 |   593 |  1295 |   401 ||  2835
  Throw: Dart              |       |       |       |     2 |    11 |       |       |       |       ||    13
   Cast: Apportation       |       |       |       |       |       |       |       |       |     2 ||     2
 Invoke: Divine Shield     |       |       |       |     8 |    23 |    25 |    16 |    23 |    38 ||   133
         Cleansing Flame   |       |       |       |       |       |    34 |    75 |    65 |    54 ||   228
         Brand Weapon With |       |       |       |       |       |     1 |       |       |       ||     1
         Summon Divine War |       |       |       |       |       |       |       |       |    10 ||    10
  Evoke: Wand              |       |       |       |     1 |    24 |    23 |    14 |    20 |       ||    82
         Phial of floods   |       |       |       |       |       |     1 |       |       |       ||     1
         Condenser vane    |       |       |       |       |       |     1 |     1 |     2 |     2 ||     6
         Lightning rod     |       |       |       |       |       |       |     5 |     4 |     8 ||    17
         Sack of spiders   |       |       |       |       |       |       |     1 |     1 |     1 ||     3
         Phantom mirror    |       |       |       |       |       |       |     1 |     2 |       ||     3
    Use: Scroll            |     2 |     3 |    14 |     3 |     8 |    20 |    14 |    14 |     6 ||    84
         Potion            |       |     3 |     6 |     1 |     4 |    23 |     5 |     8 |    23 ||    73
   Stab: Sleeping          |     7 |     6 |       |       |       |       |       |       |       ||    13
         Distracted        |     1 |       |     1 |       |       |       |       |       |       ||     2
 Armour: Leather armour    |    55 |       |       |       |       |       |       |       |       ||    55
         Ring mail         |    38 |   118 |   283 |   116 |       |       |       |       |       ||   555
         Troll leather arm |       |       |       |   218 |    12 |       |       |       |       ||   230
         Skin              |       |       |       |     2 |     7 |       |       |       |       ||     9
         Acid dragon scale |       |       |       |       |   733 |   987 |  1132 |   390 |       ||  3242
         Scale mail        |       |       |       |       |   103 |       |       |       |       ||   103
         Quicksilver drago |       |       |       |       |       |       |       |   368 |   983 ||  1351
  Dodge: Dodged            |    83 |    94 |   216 |   208 |   696 |   844 |   801 |   677 |  1097 ||  4716
  Block: Buckler           |    29 |    35 |    91 |     1 |       |       |       |       |       ||   156
         Other             |       |       |       |    18 |   101 |   155 |   441 |   193 |   340 ||  1248
Riposte: Great sword       |       |       |       |       |       |       |       |    34 |   269 ||   303
         Katana            |       |       |       |       |       |       |       |     1 |       ||     1
